Unix NetHack Version 5.0.0-0 post-release - last build May 23 2026 06:08:33 (1c0ff79ee797540d5714e4e18072db0edd9e58ae,branch:main).

Game began 2026-05-21 13:27:48, ended 2026-05-28 14:14:18.

BilldaCat, neutral male human Wizard

                            --------------------
                            |=.^........@f^f...|
                            |.|------------...*---
                            |.+......1|---|.-....|
                            --|.......|.0.|...--.|
                              |.....11|..........|
                              |...<...|-.--.-.*..|
                              |.......|..0|....-.|
                              |.......|......-...|
                              |.......|.|.0-.0.-.|
                              ----------|..0.....|
                                        |....|.---
                                        --------

BilldaCat the Thaumaturge  St:10 Dx:12 Co:14 In:18 Wi:11 Ch:11  Neutral
Dlvl:6  $:470 HP:0(53) Pw:7(59) AC:9  Xp:7 T:2843 

Latest messages:
 With great effort you move the boulder.
 With great effort you move the boulder.
 The boulder suddenly rolls away from you!
 You hear a boulder fall.
 The boulder won't roll diagonally on this floor.
 With great effort you move the boulder.
 The boulder suddenly rolls away from you!
 You hear a boulder fall.
 You swap places with your kitten.
 With great effort you move the boulder.
 You cannot pass that way.
 You swap places with your kitten.
 With great effort you move the boulder.
 The boulder suddenly rolls away from you!
 You hear a boulder fall.
 Click!  You trigger a rolling boulder trap!
 No boulder was released.
 Really step into that hole? [yn] (n) n
 In what direction? 4
 The door crashes open!
 You feel more confident in your spell casting skills.
 In what direction? 4
 You kick a steel ring.
 Click!  The lynx triggers a rolling boulder trap.
 You hit the lynx.
 The lynx hits!
 The lynx hits again!
 The lynx bites!
 In what direction? 6
 The spell hits the lynx!
 The lynx hits!
 The lynx hits again!
 The lynx bites!
 The lynx hits!
 The lynx hits again!
 The lynx bites!
 What do you want to write with? [- ac-elmuxABLMPQ or ?*] B
 You engrave in the floor with a wand of digging (0:4).
 What do you want to engrave in the floor here? Elbereth
 Gravel flies up from the floor.
 The lynx turns to flee.
 The lynx hits!
 The lynx hits again!
 The lynx bites!
 Are you sure you want to pray? [yn] (n) y
 You begin praying to Thoth.
 The lynx hits!
 You die...
 Do you want your possessions identified? [ynq] (y) y
 Do you want to see your attributes? [ynq] (y) q

Inventory:
 Coins    ('$')
  $ - 470 gold pieces
 Weapons  (')')
  a - a blessed +1 quarterstaff (weapon in hands)
 Armor    ('[')
  t - an uncursed +0 pair of speed boots (being worn)
  b - an uncursed thoroughly burnt +0 cloak of magic resistance (being worn)
 Comestibles  ('%')
  N - an uncursed fortune cookie
  z - an uncursed tripe ration
 Scrolls  ('?')
  O - a cursed scroll of confuse monster
  K - a blessed scroll of create monster
  h - an uncursed scroll of create monster
  F - 3 uncursed scrolls of earth
  j - an uncursed scroll of enchant armor
  r - 2 uncursed scrolls of identify
  C - an uncursed scroll of light
  i - an uncursed scroll of taming
  E - a blessed scroll of teleportation
 Spellbooks  ('+')
  p - an uncursed novel named Reaper Man
  H - an uncursed spellbook of confuse monster
  k - a blessed spellbook of force bolt
 Potions  ('!')
  g - an uncursed potion of booze
  f - 3 uncursed potions of fruit juice
  I - an uncursed potion of healing
  D - an uncursed potion of levitation
  o - an uncursed potion of monster detection
  n - a blessed potion of see invisible
 Rings    ('=')
  e - an uncursed ring of free action (on right hand)
  Q - a blessed +1 ring of increase accuracy
  M - an uncursed ring of protection from shape changers
  d - an uncursed ring of warning (on left hand)
 Wands    ('/')
  B - a wand of digging (0:4)
  u - a wand of digging (0:2)
  L - a wand of fire (0:0)
  c - a wand of magic missile (0:7)
  P - a wand of sleep named s/d (0:4)
  x - a wand of speed monster (0:7)
 Tools    ('(')
  m - a magic marker (0:19)
  w - an uncursed magic whistle
 Gems/Stones  ('*')
  l - 2 uncursed worthless pieces of black glass
  A - an uncursed touchstone

BilldaCat the Wizard's attributes:

Background:
 You were a Thaumaturge, a level 7 male human Wizard.
 You were neutral, on a mission for Thoth
 who was opposed by Ptah (lawful) and Anhur (chaotic).
 You were left-handed.
 You were in Sokoban, on level 6.
 You entered the dungeon 2843 turns ago.
 You had 925 experience points, 355 more were needed to attain level 8.

Basics:
 You had 0 out of 53 hit points.
 You had 7 out of 59 energy points (spell power).
 Your armor class was 9.
 Your wallet contained 470 zorkmids.
 Autopickup was on for '$"?!/=' plus thrown, with exceptions.

Final Characteristics:
 Your strength was 10 (peak:11, limit:18/100).
 Your dexterity was 12 (limit:18).
 Your constitution was 14 (limit:18).
 Your intelligence was 18 (limit:18).
 Your wisdom was 11 (limit:18).
 Your charisma was 11 (limit:18).

Final Status:
 You weren't hungry.
 You were unencumbered.
 You were wielding a quarterstaff.
 You had basic skill with quarterstaff and could have enhanced that.

Final Attributes:
 You were piously aligned.
 You were magic-protected.
 You were poison resistant.
 You were warned.
 You were warded.
 You were very fast.
 You had free action.
 You were unlucky.
 You are dead.

Miscellaneous:
 You didn't encounter any bones levels.
 Total elapsed playing time was 24 minutes and 27 seconds.

Major events:
 Turn
    1: BilldaCat the neutral male human Wizard entered the dungeon
  189: read a Discworld novel
  329: attained the rank of Conjurer (level 3)
  445: entered the Gnomish Mines
  774: reached Mine Town
 1017: attained the rank of Thaumaturge (level 6)
 2287: entered Sokoban
 2444: completed 1st Sokoban level
 2630: completed 2nd Sokoban level
 2843: killed by a lynx, while praying

Spells:
 Name                 Level Category     Fail Retention
 force bolt             1   attack         0%   81%-90%
 chain lightning        2   attack         0%   81%-90%
 fireball               4   attack        53%  91%-100%

Skills:
 Fighting Skills
   bare handed combat [Unskilled]
   riding             [Unskilled]
 Weapon Skills
   dagger             [Unskilled]
   knife              [Unskilled]
   axe                [Unskilled]
   short sword        [Unskilled]
   club               [Unskilled]
   mace               [Unskilled]
   quarterstaff       [Basic]
   polearms           [Unskilled]
   spear              [Unskilled]
   trident            [Unskilled]
   sling              [Unskilled]
   dart               [Unskilled]
   shuriken           [Unskilled]
 Spellcasting Skills
   attack spells      [Basic]
   healing spells     [Unskilled]
   divination spells  [Unskilled]
   enchantment spells [Basic]
   clerical spells    [Unskilled]
   escape spells      [Unskilled]
   matter spells      [Unskilled]

Voluntary challenges:
 Character rerolling was not enabled.
 You never genocided any monsters.
 You never polymorphed an object.
 You never changed form.
 You used no wishes.
 You violated the special Sokoban rules once.
Achievements:
 You entered a shop.
 You read from a Discworld novel.
 You attained the rank of Conjurer.
 You entered the Gnomish Mines.
 You entered Minetown.
 You entered a temple.
 You attained the rank of Thaumaturge.
 You entered Sokoban.

 The Dungeons of Doom: levels 1 to 9
    Level 1:
    Level 2:
       A scroll shop, a fountain.
    Level 3:
       An armor shop, a sink.
       Stairs down to The Gnomish Mines.
    Level 4:
       A food shop.
    Level 5:
    Level 6:
       Some fountains, a grave.
    Level 7:
    Level 8:
       Many fountains.
       Oracle of Delphi.
    Level 9:
       Stairs up to Sokoban, level 8.
 The Gnomish Mines: levels 4 to 7
    Level 4:
    Level 5:
    Level 6:
    Level 7:
       Many shops, a temple and an altar, some fountains.
 Sokoban: levels 8 up to 6
    Level 6: <- You were here.
       Unsolved.
       Final resting place for
          you, killed by a lynx, while praying.
    Level 7:
       Solved.
    Level 8:
       Solved.


Vanquished creatures:
  a small mimic
  a xan
  a human mummy
  a cockatrice
  a gremlin
  a dwarf leader
  a snake
 an imp
  a water nymph
  a mountain nymph
 an orc shaman
  a rock mole
  a yellow light
  a shrieker
  4 gnome leaders
  2 gnomish wizards
  2 gray oozes
  a giant ant
  6 dwarves
  3 hill orcs
  4 rothes
  a centipede
  a dwarf zombie
  a werejackal
 an iguana
  2 giant rats
  2 brown molds
 17 gnomes
  a gecko
  2 jackals
  a fox
  a kobold
  a sewer rat
  4 grid bugs
  4 lichens
  a kobold zombie
  4 newts
80 creatures vanquished.

No species were genocided or became extinct.

Game over:
                       ----------
                      /          \
                     /    REST    \
                    /      IN      \
                   /     PEACE      \
                  /                  \
                  |    BilldaCat     |
                  |      470 Au      |
                  | killed by a lynx |
                  |                  |
                  |                  |
                  |                  |
                  |       2026       |
                 *|     *  *  *      | *
        _________)/\\_//(\/(/\)/\//\/|_)_______

Goodbye BilldaCat the Wizard...

You died in Sokoban on dungeon level 6 with 4543 points,
and 470 pieces of gold, after 2843 moves.
You were level 7 with a maximum of 53 hit points when you died.

